 Dungeon Crawl Stone Soup version 0.19.5 (webtiles) character file.

3049 Azzok the Fighter (level 9, -6/93 HPs)
             Began as a Minotaur Fighter on July 20, 2017.
             Was a Priest of Okawaru.
             Mangled by Gastronok (31 damage)
             ... on level 8 of the Dungeon.
             The game lasted 00:10:02 (6412 turns).

Azzok the Fighter (Minotaur Fighter)                Turns: 6412, Time: 00:10:02

Health: -6/93      AC: 12    Str: 26    XL:     9   Next: 57%
Magic:  11/13      EV: 10    Int:  5    God:    Okawaru [***...]
Gold:   509        SH: 20    Dex: 13    Spells: 0 memorised, 8 levels left

rFire  . . .     SeeInvis .     s - +2 whip (elec)
rCold  + . .     Gourm    .     w - +0 chain mail
rNeg   . . .     Faith    .     c - +0 shield
rPois  .         Spirit   .     (helmet unavailable)
rElec  .         Reflect  +     (no cloak)
rCorr  .         Harm     .     E - +0 pair of gloves
MR     .....                    (no boots)
Stlth  ..........               B - brooch of Shielding {Reflect SH+8}
                                (no ring)
                                o - ring of protection from cold

@: mighty, heroism
A: retaliatory headbutt, horns 3, subdued magic 1
a: Heroism, Renounce Religion


You were on level 8 of the Dungeon.
You worshipped Okawaru.
Okawaru was most pleased with you.
You were not hungry.

You visited 1 branch of the dungeon, and saw 8 of its levels.

You collected 509 gold pieces.

Inventory:

Hand Weapons
 s - a +2 whip of electrocution (weapon)
Missiles
 b - 24 arrows
Armour
 c - a +0 shield (worn)
 w - a +0 chain mail (worn)
 E - a +0 pair of gloves (worn)
Jewellery
 o - a ring of protection from cold (left hand)
 B - the brooch of Shielding (around neck) {Reflect SH+8}
   (You found it on level 6 of the Dungeon)

   [amulet of reflection]

   It shields you and reflects attacks.
   It affects your SH (+8).
Scrolls
 a - a scroll of enchant weapon {unknown}
 j - 4 scrolls of identify {unknown}
 k - 3 scrolls of recharging {unknown}
 l - a scroll of fog {unknown}
 m - 2 scrolls of immolation {unknown}
 t - a scroll of enchant armour {unknown}
 u - a scroll of teleportation {unknown}
 v - a scroll of blinking {unknown}
 x - 4 scrolls of remove curse {unknown}
 y - a scroll of torment {unknown}
 C - a scroll of brand weapon {unknown}
 D - 2 scrolls of magic mapping {unknown}
 I - 2 scrolls of random uselessness {unknown}
Potions
 d - a potion of might
 e - a potion of agility {unknown}
 g - a potion of flight {unknown}
 h - 6 potions of curing {unknown}
 i - a potion of heal wounds {unknown}
 n - 2 potions of ambrosia {unknown}
 q - a potion of brilliance {unknown}
 F - a potion of beneficial mutation {unknown}
 H - a potion of cancellation {unknown}
Books
 p - a book of Maledictions

   Spells                             Type                      Level
   a - Corona                         Hexes                        1
   b - Ensorcelled Hibernation        Hexes/Ice                    2
   c - Confuse                        Hexes                        3
   d - Tukima's Dance                 Hexes                        3
   e - Dazzling Spray                 Conjuration/Hexes            3
Comestibles
 f - 6 bread rations {@e1}
 r - a beef jerky
 z - 2 meat rations {@e2}
 A - a royal jelly
 G - a chunk of flesh {@w0}


   Skills:
 + Level 13.0(18.0) Fighting
   Level 2.4(7.4) Long Blades
 - Level 3.6(8.6) Armour
 - Level 3.6(8.6) Shields
 + Level 7.8 Invocations


You had 8 spell levels left.
You didn't know any spells.

Dungeon Overview and Level Annotations

Branches:
Dungeon (8/15)             Temple (0/1) D:7
   Lair: D:8-11

Altars:
Cheibriados
Elyvilon
Makhleb
Nemelex Xobeh
Okawaru
Xom
Zin

Annotations:
D:8 Gastronok


Innate Abilities, Weirdness & Mutations

You reflexively headbutt those who attack you in melee.
You have a pair of large horns on your head.
Your spells are a little easier to cast, but a little less powerful.


Message History

Something hits you. Something shocks you. Gastronok bites you!!
You take 37 damage, and have 31/93 hp.
MASSIVE DAMAGE!!
Your shield and chain mail prevent you from hitting Gastronok.
Gastronok is lightly wounded.
Something hits you.
* * * LOW HITPOINT WARNING * * *
Something shocks you.
* * * LOW HITPOINT WARNING * * *
Something hits you but does no damage.
You take 6 damage, and have 25/93 hp.
You feel very mighty all of a sudden.
Gastronok's eyestalks quiver as he mumbles some strange words.
Gastronok puts on a burst of speed!
Something hits you but does no damage.
You gain the combat prowess of a mighty hero.
You block something's attack.
You now have 11/13 mp.
You whack Gastronok!
Gastronok is moderately wounded.
Gastronok bites you!!
You die...

▒········▒▒▒▒▒▒▒·▒▒▒▒▒····▒▒▒·▒▒▒
▒·············▒▒··············▒▒▒
▒········▒▒▒▒·▒▒·········▒·······
▒··▒▒·▒▒▒▒▒▒▒·▒▒············▒·▒▒▒
···▒▒·······▒·▒▒············▒·▒··
▒·▒▒▒▒▒▒▒▒[▒▒·▒▒·▒▒▒▒···········▒
·>············▒▒·▒ ▒·······▒·▒▒▒
▒▒▒▒▒▒▒▒▒▒·▒▒·▒▒w▒ ▒·······▒·▒ ▒
▒·▒▒·▒▒@▒ ▒▒··▒··▒▒·▒▒▒ ▒·▒▒·▒{·▒
▒········†··
▒·······▒▒▒▒▒w▒▒··▒▒·▒▒▒
··························▒
···▒▒▒▒···▒▒▒▒▒▒·▒▒··▒▒·▒·▒ ▒▒
▒···▒ ▒y▒▒··▒▒·▒·▒ ·····▒
·······▒·▒·▒ ······· ·······▒·▒··
········· ▒·▒▒·▒·▒·▒▒▒


You could see Gastronok.

Vanquished Creatures
  Prince Ribbit (D:6)
  Sigmund (D:6)
  Eustachio (D:6)
  An orc warrior (D:8)
  2 sky beasts
  3 ice beasts
  A necrophage (D:5)
  2 phantoms
  A big kobold (D:8)
  3 bullfrogs (D:6)
  A scorpion (D:5)
  4 wights (D:7)
  5 killer bees (D:8)
  3 howler monkeys
  A crimson imp (D:5)
  6 hounds
  2 orc priests
  A gnoll shaman (D:6)
  6 orc wizards
  A bullfrog skeleton (D:7)
  A centaur skeleton (D:6)
  2 iguanas
  5 worker ants
  4 adders
  5 gnolls (D:6)
  3 shadow imps
  2 oozes
  An adder skeleton (D:3)
  An adder zombie (D:7)
  3 worms
  3 dart slugs
  2 leopard geckos (D:5)
  18 orcs
  11 bats
  A giant cockroach (D:1)
  10 goblins
  2 hobgoblins
  2 jackals (D:4)
  14 kobolds
  3 quokkas
  A ball python (D:2)
  A jackal skeleton (D:4)
  A leopard gecko skeleton (D:8)
  A quokka skeleton (D:7)
  A quokka zombie (D:5)
  9 rats
153 creatures vanquished.

Notes
Turn   | Place    | Note
-------+----------+-------------------------------------------
     0 | D:1      | Azzok the Minotaur Fighter began the quest for the Orb.
     0 | D:1      | Reached XP level 1. HP: 19/19 MP: 0/0
    55 | D:1      | Reached skill level 4 in Fighting
   140 | D:1      | Reached XP level 2. HP: 27/27 MP: 1/1
   645 | D:2      | Found a snail-covered altar of Cheibriados.
   649 | D:2      | Reached skill level 5 in Fighting
   799 | D:2      | Reached XP level 3. HP: 36/36 MP: 2/2
  1387 | D:3      | Reached skill level 6 in Fighting
  1387 | D:3      | Reached XP level 4. HP: 42/44 MP: 3/3
  1446 | D:3      | Reached skill level 7 in Fighting
  1446 | D:3      | Reached XP level 5. HP: 25/52 MP: 4/4
  1871 | D:3      | Found a shimmering altar of Xom.
  2162 | D:4      | Reached skill level 8 in Fighting
  2162 | D:4      | Reached XP level 6. HP: 60/61 MP: 5/5
  2531 | D:5      | Entered Level 5 of the Dungeon
  2545 | D:5      | Reached skill level 9 in Fighting
  2702 | D:5      | Reached XP level 7. HP: 64/70 MP: 6/6
  2768 | D:5      | Found an iron altar of Okawaru.
  2785 | D:5      | Became a worshipper of Warmaster Okawaru
  2825 | D:5      | Found a glowing silver altar of Zin.
  2945 | D:5      | Found a glowing silver altar of Zin.
  3049 | D:5      | Reached skill level 1 in Invocations
  3241 | D:5      | Found a faded altar of an unknown god.
  3241 | D:5      | Found a sparkling altar of Nemelex Xobeh.
  3259 | D:5      | Found a faded altar of an unknown god.
  3261 | D:5      | Found a faded altar of an unknown god.
  3263 | D:5      | Found a faded altar of an unknown god.
  3307 | D:5      | Reached skill level 10 in Fighting
  3819 | D:6      | Gained mutation: You have a pair of large horns on your head. [mutagenic meat]
  3820 | D:6      | Gained mutation: Your spells are a little easier to cast, but a little less powerful. [mutagenic meat]
  4089 | D:6      | Noticed Prince Ribbit
  4099 | D:6      | Killed Prince Ribbit
  4099 | D:6      | Reached * piety under Okawaru
  4099 | D:6      | Reached XP level 8. HP: 56/81 MP: 6/10
  4143 | D:6      | Reached skill level 11 in Fighting
  4243 | D:6      | Noticed Eustachio
  4258 | D:6      | Killed Eustachio
  4389 | D:6      | Reached skill level 5 in Invocations
  4682 | D:6      | Noticed Sigmund
  4691 | D:6      | Killed Sigmund
  4691 | D:6      | Reached ** piety under Okawaru
  4698 | D:6      | Reached skill level 12 in Fighting
  4923 | D:7      | Reached XP level 9. HP: 83/90 MP: 12/12
  5020 | D:7      | Found a burning altar of Makhleb.
  5144 | D:7      | Found a burning altar of Makhleb.
  5198 | D:7      | Found a staircase to the Ecumenical Temple.
  5785 | D:8      | Found a white marble altar of Elyvilon.
  6125 | D:8      | Noticed Gastronok
  6209 | D:8      | Reached *** piety under Okawaru
  6407 | D:8      | Reached skill level 13 in Fighting
  6412 | D:8      | Mangled by Gastronok

Skill      XL: |  1  2  3  4  5  6  7  8  9 |
---------------+----------------------------+-----
Fighting       | 4 5 6 7 8 9 10 12 13 | 13.0
Invocations    | 4 6 7 |  7.8
Long Blades    | |  2.4
Armour         | |  3.6
Shields        | |  3.6

Action                   |  1- 3 |  4- 6 |  7- 9 || total
-------------------------+-------+-------+-------++-------
Melee: Long sword        |    99 |     4 |       ||   103
       Headbutt          |    18 |    22 |    66 ||   106
       Dagger            |       |    27 |       ||    27
       Whip              |       |    78 |   291 ||   369
Invok: Heroism           |       |       |     1 ||     1
  Use: Potion            |       |       |     1 ||     1
  Eat: Chunk             |     1 |     4 |    15 ||    20
Armor: Scale mail        |    53 |    37 |       ||    90
       Chain mail        |       |     7 |   129 ||   136
Dodge: Dodged            |    31 |    33 |    71 ||   135
Block: Shield            |    54 |    55 |   242 ||   351
       Reflection        |       |       |     6 ||     6
       Rpst.: Long sword |     8 |       |       ||     8
